 Dungeon Crawl Stone Soup version 0.20.0-10-g0535bb4 (webtiles) character file.

471 Hasart the Sneak (level 7, -1/43 HPs)
             Began as a Kobold Assassin on June 3, 2017.
             Was an Initiate of Gozag.
             Slain by Grinder (7 damage)
             ... while paralysed by Grinder
             ... on level 4 of the Dungeon.
             The game lasted 00:06:19 (2986 turns).

Hasart the Sneak (Kobold Assassin)                  Turns: 2986, Time: 00:06:20

Health: -1/43      AC: 10    Str:  8    XL:     7   Next: 31%
Magic:  7/7        EV:  3    Int: 12    God:    Gozag
Gold:   521        SH:  0    Dex: 19    Spells: 6/6 levels left

rFire    + . .     SeeInvis .   s - +1 dagger (holy)
rCold    . . .     Gourm    .   (shield restricted)
rNeg     . . .     Faith    .   k - +1 ring mail {rF+}
rPois    .         Spirit   .   t - +0 helmet
rElec    .         Reflect  .   d - +0 cloak
rCorr    .         Harm     .   (no gloves)
MR       .....                  (no boots)
Stlth    +++.......             (no amulet)
Regen    0.2/turn               w - +2 ring of protection
MPRegen  0.1/turn               (no ring)

@: paralysed
A: carnivore 3
a: Potion Petition, Call Merchant, Bribe Branch, Renounce Religion


You were on level 4 of the Dungeon.
You worshipped Gozag.
Gozag was pleased with you.
You were not hungry.

You visited 1 branch of the dungeon, and saw 4 of its levels.

You collected 521 gold pieces.

Inventory:

Hand Weapons
 a - a +2 dagger
 b - a +0 blowgun
 o - a +0 rapier
 s - a +1 dagger of holy wrath (weapon)
Missiles
 e - 25 poisoned needles
 f - 2 curare-tipped needles
 r - 6 needles of frenzy
Armour
 c - a +0 robe
 d - a +0 cloak (worn)
 k - a +1 ring mail of fire resistance (worn)
 t - a +0 helmet (worn)
Jewellery
 w - a +2 ring of protection (left hand)
Scrolls
 h - 2 scrolls of identify
 v - a scroll of remove curse
Potions
 j - a potion of flight
Books
 x - a book of Minor Magic

   Spells                             Type                      Level
   a - Magic Dart                     Conjuration                  1
   b - Blink                          Translocation                2
   c - Call Imp                       Summoning                    2
   d - Slow                           Hexes                        2
   e - Conjure Flame                  Conjuration/Fire             3
   f - Mephitic Cloud                 Conjuration/Poison/Air       3
Comestibles
 g - a meat ration


   Skills:
 + Level 4.0 Fighting
 + Level 4.7 Short Blades
 * Level 4.6 Throwing
 + Level 3.7 Dodging
 + Level 6.8 Stealth


You had 6 spell levels left.
You didn't know any spells.

Dungeon Overview and Level Annotations

Branches:
Dungeon (4/15)
 Temple: D:4-7

Altars:
Gozag
Makhleb
Qazlal
Uskayaw
Xom

Annotations:
D:4 Grinder


Innate Abilities, Weirdness & Mutations

You are small and have problems with some larger weapons.
You are carnivorous and can eat meat at any time.


Message History

Grinder is severely wounded.
Grinder closely misses you.
You hit Grinder.
Grinder convulses.
Grinder is almost dead.
Grinder hits you but does no damage.
You completely miss Grinder.
Grinder is almost dead.
Grinder barely misses you.
You closely miss Grinder.
Grinder is almost dead.
You closely miss Grinder.
Grinder is almost dead.
Grinder hits you but does no damage.
Your ring mail prevents you from hitting Grinder.
Grinder is almost dead.
Grinder gestures at you.
You suddenly lose the ability to move!
Grinder hits you!
You die...
Your body crumbles into a pile of gold.

..........# #....
#..... ..........#
#.... #..###
..(.......# #.....
#..#.. ###########
.......##..#.#
#..............
.......#####.#
####+#..............
#..........#######.#
#..@........ ...##.#
#.5......... ......
#..........# #.##.#
####.###.#.# ..#..
#.# #.#.#####.#..
#.# #.#......<...
#.# #............
#.# #............
#.###............


You could see Grinder.

Vanquished Creatures
  The ghost of Turgon the Charlatan, an amateur OpWn (D:4)
  2 orc wizards (D:3)
  4 worker ants (D:4)
  Robin (D:3)
  A howler monkey skeleton (D:4)
  4 adders
  2 oozes
  A worm (D:4)
  2 dart slugs
  3 leopard geckos
  6 orcs (D:3)
  2 ball pythons
  3 bats
  5 giant cockroaches
  7 goblins
  11 hobgoblins
  4 kobolds
  A quokka (D:4)
  3 frilled lizards
  A leopard gecko skeleton (D:4)
  10 rats
74 creatures vanquished.

Notes
Turn   | Place    | Note
-------+----------+-------------------------------------------
     0 | D:1      | Hasart the Kobold Assassin began the quest for the Orb.
     0 | D:1      | Reached XP level 1. HP: 12/12 MP: 1/1
   131 | D:1      | Reached XP level 2. HP: 15/18 MP: 2/2
   704 | D:2      | Found a shimmering altar of Xom.
   730 | D:2      | Found a hide-covered altar of Uskayaw.
   768 | D:2      | Found a faded altar of an unknown god.
   770 | D:2      | Became a worshipper of Gozag Ym Sagoz the Greedy
   782 | D:2      | Reached XP level 3. HP: 22/22 MP: 3/3
   938 | D:2      | Reached XP level 4. HP: 24/27 MP: 4/4
  1520 | D:3      | Found a burning altar of Makhleb.
  1605 | D:3      | Reached XP level 5. HP: 25/32 MP: 5/5
  1645 | D:3      | Noticed Robin
  1665 | D:3      | Killed Robin
  1719 | D:3      | Found a stormy altar of Qazlal.
  1760 | D:3      | Reached skill level 6 in Stealth
  2119 | D:4      | Reached XP level 6. HP: 37/37 MP: 6/6
  2630 | D:4      | Noticed Turgon's ghost (amateur OpWn)
  2657 | D:4      | Killed Turgon's ghost
  2657 | D:4      | Reached XP level 7. HP: 17/43 MP: 7/7
  2956 | D:4      | Noticed Grinder
  2958 | D:4      | Paralysed by Grinder for 4 turns
  2972 | D:4      | Paralysed by Grinder for 5 turns
  2985 | D:4      | Paralysed by Grinder for 7 turns
  2986 | D:4      | Slain by Grinder

Skill      XL: |  1  2  3  4  5  6 |
---------------+-------------------+-----
Short Blades   | 3 4 |  4.7
Dodging        | 2 3 |  3.7
Throwing       | 3 4 |  4.6
Fighting       | 3 4 |  4.0
Stealth        | 6 |  6.8

Action                   |  1- 3 |  4- 6 |  7- 9 || total
-------------------------+-------+-------+-------++-------
Melee: Dagger            |    71 |   326 |    27 ||   424
Invok: Potion Petition   |       |     1 |       ||     1
  Use: Scroll            |       |     6 |       ||     6
       Potion            |       |     4 |       ||     4
 Stab: Sleeping          |     8 |     8 |     1 ||    17
  Eat: Chunk             |     1 |       |       ||     1
       Royal jelly       |       |     1 |       ||     1
       Meat ration       |       |     1 |       ||     1
Armor: Robe              |     7 |       |       ||     7
       Ring mail         |     5 |    72 |    10 ||    87
Dodge: Dodged            |    35 |   156 |    11 ||   202
